Selects Australian Defense Battlegroup
Selects Australian Defense Battlegroup
Selects Australian Light Infantry Section
Australian Light Infantry Section
Construct Section Command Post
Construct Section Command Post
Construct Platoon Command Post
6-pounder Anti-tank Gun Team
Selects Defensive Tactics
Construct Company Command Post
Australian Light Infantry Section
Selects Vehicle Over Repair
Selects CMP 15cwt Supply Run
Selects Reinforced Resource Caches
Australian Light Infantry Section
Unlock Towed 17-pounder Anti-tank Guns
17-pounder Anti-tank Gun Team